 Dungeon Crawl Stone Soup version 0.24-a0-170-gd8427f5 (webtiles) character file.

Game seed: 14283014714829036545

92 mortelune the Skirmisher (level 4, -1/37 HPs)
             Began as a Demonspawn Abyssal Knight on Mar 9, 2019.
             Was a Follower of Lugonu.
             Slain by an iguana (6 damage)
             ... on level 4 of the Dungeon.
             The game lasted 00:06:32 (2337 turns).

mortelune the Skirmisher (DsAK)                     Turns: 2337, Time: 00:06:33

Health: -1/37      AC: 10    Str: 14    XL:     4   Next: 35%
Magic:  5/5        EV:  6    Int: 13    God:    Lugonu [*.....]
Gold:   135        SH:  0    Dex: 12    Spells: 3/3 levels left

rFire    x . .     SeeInvis .   a - +1 falchion
rCold    + . .     Gourm    .   (no shield)
rNeg     . . .     Faith    .   p - +0 chain mail
rPois    .         Spirit   .   (helmet restricted)
rElec    .         Reflect  .   (no cloak)
rCorr    .         Harm     .   (no gloves)
MR       .....                  (no boots)
Stlth    ..........             (no amulet)
HPRegen  0.12/turn              l - ring of ice
MPRegen  0.09/turn              (no ring)

@: no status effects
A: antennae 1, thin metallic scales 1
a: Depart the Abyss, Renounce Religion


You were on level 4 of the Dungeon.
You worshipped Lugonu.
Lugonu was aware of your devotion.
You were near starving.

You visited 1 branch of the dungeon, and saw 4 of its levels.
You visited the Abyss 1 time.

You collected 135 gold pieces.

Inventory:

Hand Weapons
 a - a +1 falchion (weapon)
 b - a +0 hunting sling
Missiles
 g - 41 sling bullets
 n - 52 stones (quivered)
Armour
 e - a +0 leather armour
 p - a +0 chain mail (worn)
Jewellery
 l - a ring of ice (left hand)
Scrolls
 d - a scroll of blinking {unknown}
 f - a scroll of amnesia {unknown}
 i - 2 scrolls of immolation {unknown}
 j - a scroll of fear {unknown}
 m - a scroll of teleportation {unknown}
 q - 4 scrolls of identify {unknown}
 r - a scroll of random uselessness {unknown}
Potions
 h - a potion of degeneration {unknown}
 k - a potion of heal wounds {unknown}
 o - a potion of curing {unknown}
Comestibles
 c - 5 rations


   Skills:
 + Level 3.8 Fighting
 * Level 2.8 Long Blades
 + Level 0.3 Slings
 + Level 2.7 Armour
 - Level 0.8 Dodging
 - Level 2.4 Invocations


You had 3 spell levels left.
You didn't know any spells.
Your spell library was empty.

Dungeon Overview and Level Annotations

Branches:
Dungeon (4/15)
 Temple: D:4-7

Altars:
The Shining One

Annotations:
D:2 Sigmund
D:3 Ijyb


Innate Abilities, Weirdness & Mutations

You have a pair of small antennae on your head.
You are partially covered in thin metallic scales. (AC +2)


Message History

The iguana bites you but does no damage.
You closely miss the iguana.
The iguana is lightly wounded.
The iguana hisses menacingly.
The iguana bites you.
You hit the iguana.
The iguana is moderately wounded.
The iguana bites you!
Your chain mail prevents you from hitting the iguana.
The iguana is moderately wounded.
The iguana closely misses you.
You hit the iguana but do no damage.
The iguana is moderately wounded.
The iguana bites you.
You hit the iguana but do no damage.
The iguana is moderately wounded.
The iguana bites you!
* * * LOW HITPOINT WARNING * * *
The iguana bites you.
You die...

... #.# .. #.#
..#.### l#... ...
######.# #..!..o#
#.####l# #@# . #.#
. # #.#.#
#.####.#.#
###......#.# #
....#......#..##
####...............
....#.####.#......
#..#......#(.....


You could see an iguana and an orc.

Vanquished Creatures
  4 adders
  An ooze (D:4)
  A worm (D:2)
  A dart slug (D:1)
  A leopard gecko (D:3)
  3 orcs (D:3)
  A giant cockroach (D:1)
  4 hobgoblins
  5 jackals (D:4)
  3 kobolds
  6 bats
  A frilled lizard (D:1)
  7 goblins
  5 rats
43 creatures vanquished.

Notes
Turn   | Place    | Note
-------+----------+-------------------------------------------
     0 | Abyss:1  | mortelune the Demonspawn Abyssal Knight began the quest for
                  | the Orb.
     0 | Abyss:1  | Reached XP level 1. HP: 18/18 MP: 2/2
    47 | Abyss:1  | Noticed an ancient zyme
    48 | D:1      | Escaped the Abyss
   466 | D:1      | Gained mutation: You are partially covered in thin metallic
                  | scales. (AC +2) [demonic ancestry]
   466 | D:1      | Reached XP level 2. HP: 20/24 MP: 3/3
   723 | D:1      | Reached * piety under Lugonu
  1120 | D:2      | Noticed Sigmund
  1323 | D:3      | Gained mutation: You have a pair of small antennae on your
                  | head. [demonic ancestry]
  1323 | D:3      | Reached XP level 3. HP: 16/29 MP: 4/4
  2117 | D:3      | Noticed Ijyb
  2208 | D:4      | Reached XP level 4. HP: 32/37 MP: 5/5
  2235 | D:4      | Found a glowing golden altar of the Shining One.
  2337 | D:4      | Slain by an iguana

Levels and vault maps discovered:
D:1:      nagdon_arrival_zigzag_paths, layout_basic
D:2:      layout_rooms, uniq_sigmund
D:3:      layout_loops_ring, grunt_temple_overflow_opulence, uniq_ijyb
D:4:      layout_basic, cheibrodos_sewer_entry_bend, first_ration,
          tso_metal_star
Abyss:1

Skill      XL: |  1 |
---------------+----+-----
Long Blades    | 2 |  2.8
Armour         | 2 |  2.7
Fighting       | |  3.8
Slings         | |  0.3
Dodging        | |  0.8
Invocations    | |  2.4

Action                   |  1- 3 |  4- 6 || total
-------------------------+-------+-------++-------
Melee: Falchion          |    79 |    45 ||   124
 Fire: Hunting sling     |    37 |       ||    37
Throw: Stone             |     7 |       ||     7
Invok: Depart the Abyss  |     1 |       ||     1
  Eat: Chunk             |     3 |       ||     3
Armor: Leather armour    |    34 |       ||    34
       Chain mail        |     4 |    47 ||    51
Dodge: Dodged            |    37 |    18 ||    55
       Rpst.: Falchion   |    13 |     4 ||    17

Table legend:
 A = Non-vault XP
 B = Vault XP
 C = Vault XP percentage of total XP
 D = Non-vault monster count
 E = Vault monster count
 F = Vault count percentage of total count
                 A         B        C        D         E       F
            +---------+---------+-------+---------+---------+-------
      Total |     132 |       0 |   0.0 |      43 |       0 |   0.0
            +---------+---------+-------+---------+---------+-------
        D:1 |      24 |       0 |   0.0 |      14 |       0 |   0.0
        D:2 |      10 |       0 |   0.0 |       4 |       0 |   0.0
        D:3 |      55 |       0 |   0.0 |      17 |       0 |   0.0
        D:4 |      43 |       0 |   0.0 |       8 |       0 |   0.0
            +---------+---------+-------+---------+---------+-------
